 Dungeon Crawl Stone Soup version 0.25-a0-785-gb22c70e859 (webtiles) character file.

Game seed: 7070848191136251613, levelgen mode: classic

4 EnegeticOcto the Vexing (level 1, 0/9 HPs)
             Began as a Vine Stalker Arcane Marksman on Apr 17, 2020.
             Succumbed to an adder's poison
             ... on level 2 of the Dungeon.
             The game lasted 00:01:24 (274 turns).

EnegeticOcto the Vexing (VSAM)                       Turns: 274, Time: 00:01:25

Health: 0/9        AC:  2    Str: 12    XL:     1   Next: 70%
Magic:  0/3        EV: 12    Int: 13    God:
Gold:   0          SH:  0    Dex: 14    Spells: 1/2 levels left

rFire    . . .     SeeInvis .   a - +0 hunting sling
rCold    . . .     Gourm    .   (no shield)
rNeg     . . .     Faith    .   f - +0 robe
rPois    .         Spirit   +   (no helmet)
rElec    .         Reflect  .   (no cloak)
rCorr    .         Harm     .   (no gloves)
MR       .....                  (no boots)
Stlth    ++........             (no amulet)
HPRegen  0.03/turn              (no ring)
MPRegen  0.08/turn              (no ring)

@: lethally poisoned (0 -> -6)
A: fangs 2, magic shield, antimagic bite, no potion heal 3, rot immunity
a: no special abilities


You were on level 2 of the Dungeon.
You were not hungry.

You visited 1 branch of the dungeon, and saw 2 of its levels.

Inventory:

Hand Weapons
 a - a +0 hunting sling (weapon)
Missiles
 d - 15 sling bullets (quivered)
Armour
 f - a +0 robe (worn)
Scrolls
 c - a scroll of identify {@r1}
Potions
 g - a potion of mutation
Comestibles
 b - a chunk of flesh
 e - 2 rations


   Skills:
 - Level 0.8 Fighting
 - Level 1.7 Slings
 - Level 1.5 Dodging
 + Level 1.6 Stealth
 - Level 1.1 Spellcasting
 - Level 3.0 Hexes


You had one spell level left.
You knew the following spells:

 Your Spells              Type           Power        Failure   Level  Hunger
a - Corona                Hex            #......      9%          1    ##.....

Your spell library contained the following spells:

 Spells                   Type           Power        Failure   Level  Hunger
 Slow                     Hex            #.......     12%         2    ###....
 Inner Flame              Hex/Fire       #.......     41%         3    ####...
 Portal Projectile        Hex/Tloc       #.....       41%         3    ####...
 Cause Fear               Hex            #.........   63%         4    #####..
 Leda's Liquefaction      Hex/Erth       #.........   83%         4    #####..


Dungeon Overview and Level Annotations

Branches:
Dungeon (2/15)

Altars:


Innate Abilities, Weirdness & Mutations

You have extremely sharp teeth.
When hurt, damage is shared between your health and your magic reserves.
Your bite disrupts and absorbs the magic of your enemies.
Potions cannot restore your health.
You are immune to rotting.


Message History

b - 3 chunks of flesh (gained 1)
You see here a frilled lizard skeleton.
A bat comes into view.
You see here a ration.
e - 2 rations (gained 1)
You closely miss the bat. You bite the bat. You drain its power.
The bat is severely wounded.
The bat completely misses you. The bat misses you. The bat misses you.
The bat hits you but does no damage.
You hit the bat but do no damage. Your bite misses the bat.
The bat is severely wounded.
The bat hits you. x2
You completely miss the bat.
The bat is severely wounded.
The bat misses you. The bat barely misses you.
You closely miss the bat.
The bat is severely wounded.
The bat hits you.
You closely miss the giant cockroach. The giant cockroach barely misses you.
You hit the giant cockroach but do no damage.
The giant cockroach bites you but does no damage.
The giant cockroach misses you.
You hit the giant cockroach but do no damage.
You bite the giant cockroach. You drain its power.
You feel invigorated.
The giant cockroach is heavily wounded.
The giant cockroach closely misses you.
You hit the giant cockroach.
You bite the giant cockroach, but do no damage.
The giant cockroach is severely wounded.
The giant cockroach barely misses you.
You hit the giant cockroach but do no damage.
You bite the giant cockroach.
You kill the giant cockroach!
The bat barely misses you. The bat hits you.
No target in view!
No target in view!
The bat hits you but does no damage. The bat closely misses you.
You miss the bat. You bite the bat.
You kill the bat!
You start resting.
HP restored.
An adder comes into view.
As you read the scroll labeled WEC ELIEPSIUQO, it crumbles to dust.
It is a scroll of identify.
g - a potion of mutation Some of the chunks of flesh in your inventory have rotted away.
Casting: Corona (safe; 9% risk of failure)
Confirm with . or Enter, or press ? or * to list all spells.
Aiming: Corona (safe; 9% risk of failure)
Press: ? - help, Shift-Dir - straight line, f - adder
Aim: an adder (chance to defeat MR: 51%)
The adder is outlined in light.
The adder bites you.
You completely miss the adder. The adder closely misses you.
The adder bites you but does no damage.
You hit the adder but do no damage. The adder closely misses you.
You closely miss the adder. Your bite misses the adder.
The adder completely misses you.
You barely miss the adder. You bite the adder. You drain its power.
You feel invigorated.
The adder is lightly wounded.
The adder barely misses you.
a - a +0 hunting sling (weapon)
The adder barely misses you.
Firing (i - inventory)
d - 20 sling bullets (quivered)
Press: ? - help, Shift-Dir - straight line, f/p - adder
Aim: an adder (lightly wounded, softly glowing)
You shoot a sling bullet. The sling bullet hits the adder.
The adder is moderately wounded.
The adder bites you. The adder barely misses you.
Firing (i - inventory)
d - 19 sling bullets (quivered)
Press: ? - help, Shift-Dir - straight line, f/p - adder
Aim: an adder (moderately wounded, softly glowing)
You shoot a sling bullet. The sling bullet hits the adder.
The adder is severely wounded.
The adder bites you.
* * * LOW HITPOINT WARNING * * *
Firing (i - inventory)
d - 18 sling bullets (quivered)
Press: ? - help, Shift-Dir - straight line, f/p - adder
Aim: an adder (severely wounded, softly glowing)
You shoot a sling bullet. The sling bullet hits the adder.
The adder is almost dead.
The adder barely misses you. x2
Firing (i - inventory)
d - 17 sling bullets (quivered)
Press: ? - help, Shift-Dir - straight line, f/p - adder
Aim: an adder (almost dead, softly glowing)
You shoot a sling bullet.
The sling bullet hits the adder but does no damage.
The adder is almost dead.
The adder stops glowing.
The adder bites you.
* * * LOW HITPOINT WARNING * * *
You are lethally poisoned!
The adder poisons you!
Firing (i - inventory)
d - 16 sling bullets (quivered)
Press: ? - help, Shift-Dir - straight line, f/p - adder
Aim: an adder (almost dead)
You shoot a sling bullet.
The sling bullet closely misses the adder.
You die...

#. #. #.## ...
..# #.# ### #####
#S# #.# #...###@#
#.# #.......#
#.###...##..###
#..##...###...#..
##.##............
#.##...##.....#.#
#.##.......#....#
#.##...##..#.....
#..#...#........#


You could see an adder.

Vanquished Creatures
  A bat (D:2)
  2 giant cockroaches
  A frilled lizard (D:2)
4 creatures vanquished.

Notes
Turn   | Place    | Note
-------+----------+-------------------------------------------
     0 | D:1      | EnegeticOcto the Vine Stalker Arcane Marksman began the
                  | quest for the Orb.
     0 | D:1      | Reached XP level 1. HP: 9/9 MP: 3/3
   112 | D:1      | You fall into a shaft and drop 1 floor!
   133 | D:2      | Reached skill level 1 in Stealth
   274 | D:2      | Succumbed to an adder's poison

Levels and vault maps discovered:
D:1:      matt_arrival_spirals, layout_basic, dk_noncrumbling_4
D:2:      layout_rooms, lemuel_crystal_altar,
          nicolae_dithmenos_through_a_glass_darkly, serial_forest,
          infiniplex_forest_lined_3_way, infiniplex_forest_clump_small,
          infiniplex_forest_straight_3, infiniplex_forest_straight_5,
          infiniplex_forest_clump_long, infiniplex_forest_3_way,
          minmay_misc_feat_rugged, uniq_crazy_yiuf_cottage

Skill      XL: |  1 |
---------------+----+-----
Stealth        | 1 |  1.6
Fighting       | |  0.8
Slings         | |  1.7
Dodging        | |  1.5
Spellcasting   | |  1.1
Hexes          | |  3.0

Action                   || total
-------------------------++-------
Melee: Unarmed           ||    16
       Bite              ||     6
 Fire: Hunting sling     ||    10
 Cast: Corona            ||     1
  Use: Scroll            ||     1
Armor: Robe              ||     5
Dodge: Dodged            ||    24

Table legend:
 A = Non-vault XP
 B = Vault XP
 C = Vault XP percentage of total XP
 D = Non-vault monster count
 E = Vault monster count
 F = Vault count percentage of total count
                 A         B        C        D         E       F
            +---------+---------+-------+---------+---------+-------
      Total |       7 |       0 |   0.0 |       4 |       0 |   0.0
            +---------+---------+-------+---------+---------+-------
        D:1 |       2 |       0 |   0.0 |       1 |       0 |   0.0
        D:2 |       5 |       0 |   0.0 |       3 |       0 |   0.0
            +---------+---------+-------+---------+---------+-------
